Unix NetHack Version 5.0.0-0 post-release - last build Jun 10 2026 00:39:30 (3ee93aec679c4c4259841fe613dc97188e26a321,branch:main).

Game began 2026-06-22 13:38:00, ended 2026-06-22 13:54:40.

DaveT, lawful male human Priest

                                        -----
                                        |....###             --------
          --------------                |.%.|  #             |......|
          |............|                |%..|  #%#------   ##.......|
          |......<......############    -|---    #%....|   # -.------
          |............|           ###   ##       |....-####  ###
          |............|             #    #       |(.%.|        #
          |............|         #######  #       |....|        #
          --------------       ###   #-|--.-      ----|-        ##
                     ###########     #.%...|          #        --.--
                                      |....|                   |.(.|
                                      |....|                   |...|    -----
                                      |.....###############`   |iiq-###a@P.:|
                                      |....|                   |...|   a|rll|
                                      |...>|                   |...|  ##|rl.|
                                      ------                   -----  # -----
                                                                `######

DaveT the Adept              St:15 Dx:11 Co:13 In:12 Wi:18 Ch:8  Lawful
Dlvl:6  $:0  HP:0(42) Pw:97(97) AC:3  Xp:6 T:2026  Satiated Burdened

Latest messages:
 A lizard suddenly appears close by!
 It misses!
 It hits!
 You kill the leprechaun!
 You hear a chugging sound.
 The white unicorn vanishes!
 The wererat changes into a rat.
 The wererat bites!
 You avoid harm.
 The brown pudding bites!
 Your small shield rots!
 It hits!
 You hit the killer bee.
 The killer bee turns to flee.
 You hear a door open.
 The wererat bites!
 The leprechaun hits!
 The leprechaun hits!
 There is a doorway here.
 You see here 275 gold pieces.
 The killer bee misses!
 The killer bee stings!
 The brown pudding bites!
 Your robe rots!
 You miss the killer bee.
 The killer bee stings!
 You kill the killer bee!
 The wererat misses!
 You miss the wererat.
 The wererat misses!
 You miss the wererat.
 The killer bee stings!
 You hit the wererat!
 The wererat summons help!
 A sewer rat suddenly appears close by!
 The wererat just misses!
 The killer bee stings!
 The killer bee stings!
 The killer bee stings!
 You hit the wererat!
 The wererat bites!
 The killer bee stings!
 The killer bee stings!
 Are you sure you want to pray? [yn] (n) y
 You begin praying to Issek.
 The killer bee stings!
 The wererat bites!
 You die...
 Do you want your possessions identified? [ynq] (y) y
 Do you want to see your attributes? [ynq] (y) q

Inventory:
 Weapons  (')')
  m - 7 +0 darts
  l - 2 +0 orcish daggers
  a - a blessed +1 mace (weapon in right hand)
 Armor    ('[')
  y - a +0 orcish helm (being worn)
  D - a blessed +0 pair of speed boots (being worn)
  c - a burnt rotted +0 small shield (being worn)
  b - a rotted +0 robe (being worn)
  q - a +0 scale mail (being worn)
 Comestibles  ('%')
  e - a clove of garlic
  j - a food ration
  f - a sprig of wolfsbane
 Potions  ('!')
  v - 4 potions of healing
 Wands    ('/')
  s - a blessed wand of striking (0:1)
 Tools    ('(')
  Y - a sack containing 16 items
  A - a blindfold
  W - a skeleton key
  p - a cursed stethoscope

Contents of the sack:
  36 gold pieces
  an amulet of flying
  a blessed +0 orcish dagger
  2 blessed scrolls of blank paper
  2 scrolls of blank paper
  a scroll of light
  a spellbook of confuse monster
  a spellbook of force bolt
  a spellbook of teleport away
  2 potions of holy water
  a potion of water
  a cursed -1 ring of gain constitution
  a +3 ring of increase damage
  a cursed ring of teleport control
  a wooden flute
  a blessed magic marker (0:11)

DaveT the Priest's attributes:

Background:
 You were an Adept, a level 6 human Priest.
 You were lawful, on a mission for Issek
 who was opposed by Mog (neutral) and Kos (chaotic).
 You were right-handed.
 You were in the Dungeons of Doom, on level 6.
 You entered the dungeon 2026 turns ago.
 You had 479 experience points, 161 more were needed to attain level 7.

Basics:
 You had 0 out of 42 hit points.
 You had all 97 energy points (spell power).
 Your armor class was 3.
 Your wallet was empty, but
 you had 36 zorkmids stashed away in your pack.
 Autopickup was off.

Final Characteristics:
 Your strength was 15 (limit:18/100).
 Your dexterity was 11 (limit:18).
 Your constitution was 13 (limit:18).
 Your intelligence was 12 (limit:18).
 Your wisdom was 18 (limit:18).
 Your charisma was 8 (peak:13, limit:18).

Final Status:
 You were satiated.
 You were burdened; movement was slightly slowed.
 You were wielding a mace.
 You were skilled in mace.

Final Attributes:
 You were piously aligned.
 You were guarded.
 Your spell casting was impaired by metallic armor, mitigated by your robe.
 You were very fast.
 You are dead.

Miscellaneous:
 You encountered 1 bones level.
 Total elapsed playing time was 16 minutes and 39 seconds.

Major events:
 Turn
    1: DaveT the lawful human Priest entered the dungeon
  470: entered the Gnomish Mines
  693: attained the rank of Acolyte (level 3)
 1835: attained the rank of Adept (level 6)
 2026: killed by a wererat, while praying

Spells:
 Name                 Level Category     Fail Retention
 protection             1   clerical      67%   81%-90%
 extra healing          3   healing      100%  76%-100%
 knock                  1   matter        67%  76%-100%
 confuse monster        1   enchantment   67%  76%-100%
 force bolt             1   attack        67%  76%-100%

Skills:
 Fighting Skills
   bare handed combat [Unskilled]
 Weapon Skills
   club               [Unskilled]
   mace               [Skilled]
   morning star       [Unskilled]
   flail              [Unskilled]
   hammer             [Unskilled]
   quarterstaff       [Unskilled]
   polearms           [Unskilled]
   spear              [Unskilled]
   trident            [Unskilled]
   lance              [Unskilled]
   bow                [Unskilled]
   sling              [Unskilled]
   crossbow           [Unskilled]
   dart               [Unskilled]
   shuriken           [Unskilled]
   boomerang          [Unskilled]
   unicorn horn       [Unskilled]
 Spellcasting Skills
   healing spells     [Unskilled]
   divination spells  [Unskilled]
   clerical spells    [Basic]

Voluntary challenges:
 Character rerolling was not enabled.
 You never genocided any monsters.
 You never polymorphed an object.
 You never changed form.
 You used no wishes.
Achievements:
 You entered the Gnomish Mines.
 You attained the rank of Acolyte.
 You entered a shop.
 You attained the rank of Adept.

 The Dungeons of Doom: levels 1 to 7
    Level 1:
       Some fountains.
    Level 2:
       Stairs down to The Gnomish Mines.
    Level 3:
       A general store.
    Level 4:
       A tool shop.
    Level 5:
       An armor shop, some fountains.
    Level 6: <- You were here.
       Final resting place for
          you, killed by a wererat, while praying.
    Level 7:
       Final resting place for
          augmentedfourth-Val-Dwa-Fem-Law, killed by an iron piercer.
 The Gnomish Mines:
    Level 3:


Vanquished creatures:
  2 large mimics
  a small mimic
  2 leprechauns
  a dog
  a human zombie
  a fog cloud
  a yellow light
  4 elf zombies
  a paper golem
  a giant ant
  a homunculus
  a rothe
  2 rabid rats
  3 dwarf zombies
  a killer bee
 an acid blob
  a manes
  2 hobgoblins
  5 giant rats
  a cave spider
  a gnome
  4 geckos
  7 jackals
  a fox
  a kobold
  2 goblins
  3 grid bugs
  5 lichens
  5 newts
62 creatures vanquished.

No species were genocided or became extinct.

Game over:
                       ----------
                      /          \
                     /    REST    \
                    /      IN      \
                   /     PEACE      \
                  /                  \
                  |      DaveT       |
                  |      36 Au       |
                  |   killed by a    |
                  |     wererat      |
                  |                  |
                  |                  |
                  |       2026       |
                 *|     *  *  *      | *
        _________)/\\_//(\/(/\)/\//\/|_)_______

Goodbye DaveT the Priest...

You died in The Dungeons of Doom on dungeon level 6 with 2319 points,
and 36 pieces of gold, after 2026 moves.
You were level 6 with a maximum of 42 hit points when you died.

